 Dungeon Crawl Stone Soup version 0.28-a0-1447-ga5a8893891 (webtiles) character file.

Game seed: 10468769111809404968

165 herbaltea the Covert (level 5, -5/50 HPs)
             Began as a Naga Delver on Jan 11, 2022.
             Was an Initiate of Hepliaklqana.
             Slain by an ogre (11 damage)
             ... on level 5 of the Dungeon on Jan 12, 2022.
             The game lasted 00:06:13 (798 turns).

herbaltea the Covert (Naga Delver)                   Turns: 798, Time: 00:06:15

Health: -5/50      AC:  7    Str: 16    XL:     5   Next: 46%
Magic:  5/5        EV:  2    Int: 11    God:    Hepliaklqana [......]
Gold:   67         SH:  0    Dex: 12    Spells: 4/4 levels left

rFire   . . .      SeeInvis +   a - +0 hand axe
rCold   + . .      Faith    .   (no shield)
rNeg    + . .      Spirit   .   j - +0 plate armour
rPois   +          Reflect  .   (no helmet)
rElec   .          Harm     .   k - +0 cloak
rCorr   .          Rampage  .   (no gloves)
Will    .....                   (no barding)
Stlth   ..........              (no amulet)
HPRegen 0.16/turn               m - ring of positive energy
MPRegen 0.09/turn               n - ring of protection from cold

@: short of breath, very slow
A: AC +1, large, see invisible, deformed body, poison resistance, slowness 2,
spit poison 1, naga tail 1
a: Spit Poison, Renounce Religion


You were on level 5 of the Dungeon.
You worshipped Hepliaklqana.
Hepliaklqana was noncommittal.
You visited 2 branches of the dungeon, and saw 2 of its levels.

You collected 67 gold pieces.

Inventory:

Hand Weapons
 a - a +0 hand axe (weapon)
 i - a +0 spear
Armour
 b - a +0 leather armour
 j - a +0 plate armour (worn)
 k - a +0 cloak (worn)
Jewellery
 m - a ring of positive energy (left hand)
 n - a ring of protection from cold (right hand)
Wands
 g - a wand of digging (3)
Scrolls
 c - a scroll of fog
 d - a scroll of magic mapping
 e - a scroll of fear
 h - a scroll of identify {unknown}
Potions
 f - a potion of haste
 l - a potion of ambrosia {unknown}


   Skills:
 + Level 3.7 Fighting
 * Level 3.7 Axes
 + Level 2.4 Dodging
 + Level 8.1 Stealth


You had 4 spell levels left.
You didn't know any spells.
Your spell library was empty.

Dungeon Overview and Level Annotations

Branches:
Dungeon (5/15)             Temple (1/1) D:5

Altars:
Ashenzari
Cheibriados
Dithmenos
Elyvilon
Fedhas
Gozag
Hepliaklqana
Kikubaaqudgha
Makhleb
Nemelex Xobeh
Okawaru
Qazlal
Ru
Sif Muna
Trog
Uskayaw
Vehumet
Wu Jian
Xom
Yredelemnul
Zin


Innate Abilities, Weirdness & Mutations

Your serpentine skin is tough. (AC +1)
You have supernaturally acute eyesight. (SInv)
Armour fits poorly on your strangely shaped body.
Your system is resistant to poisons. (rPois)
You cover ground very slowly.
You can spit poison.
You have a snake-like lower body.


Message History

The hound zombie is lightly damaged.
The hound zombie bites you but does no damage. x2
You hit the hound zombie.
The hound zombie is moderately damaged.
The hound zombie bites you.
You hit the hound zombie.
The hound zombie is moderately damaged.
The hound zombie bites you but does no damage. x2
You closely miss the hound zombie.
The hound zombie is moderately damaged.
The hound zombie bites you but does no damage.
You hit the hound zombie.
The hound zombie is heavily damaged.
The hound zombie bites you but does no damage. x2
You slash the hound zombie!
The hound zombie is severely damaged.
The hound zombie bites you but does no damage.
You barely miss the hound zombie.
The hound zombie is severely damaged.
The hound zombie bites you. The hound zombie barely misses you.
You hit the hound zombie.
The hound zombie is almost destroyed.
The hound zombie barely misses you.
You slash the hound zombie!
You destroy the hound zombie!
Found a leather armour.
An ogre comes into view. It is wielding a +0 giant club.
The ogre hits you with a +0 giant club!
The ogre hits you with a +0 giant club!!
Ouch! That really hurt!
* * * LOW HITPOINT WARNING * * *
The ogre hits you with a +0 giant club!
* * * LOW HITPOINT WARNING * * *
Aiming: Spit Poison (1% risk of failure)
Press: ? - help, Shift-Dir - straight line, f - ogre
Aim: an ogre, wielding a +0 giant club (81% to hit)
The splash of poison hits the ogre!
The ogre is poisoned.
The ogre is moderately wounded.
The ogre hits you with a +0 giant club!
You die...

8##.##.# . .##.##.###
##. ### #.# #......[..
... [.# #.# ##..##.##
#.# #.# #.# #...##.# #.#
#.# #.# ....##.# #.# #.#
#.# .......#####.# #.#
#.#
.............#####.###.#
.......#.^......@O.....#
....##.....#.#####.#####
#...##.###.#.# #.#
##.....# #.#.#####.#
#####.###.........# #
#.....#.####### #
#######.# # #.# #
#.######


You could see an ogre (poisoned).

Vanquished Creatures
  A sky beast (D:5)
  An iguana (D:5)
  A hound zombie (D:5)
  2 gnolls (D:5)
  An adder (D:5)
  A worm (D:5)
7 creatures vanquished.

Notes
Turn   | Place    | Note
-------+----------+-------------------------------------------
     0 | D:5      | herbaltea the Naga Delver began the quest for the Orb.
     0 | D:5      | Reached XP level 1. HP: 21/21 MP: 1/1
    32 | D:5      | Reached XP level 2. HP: 28/28 MP: 2/2
    60 | D:5      | Reached XP level 3. HP: 34/34 MP: 3/3
   215 | D:5      | Noticed a gnoll sergeant
   490 | D:5      | Reached XP level 4. HP: 42/42 MP: 4/4
   494 | D:5      | Found a staircase to the Ecumenical Temple.
   494 | D:5      | Noticed a sky beast
   509 | D:5      | Killed a sky beast
   510 | D:5      | Reached skill level 8 in Stealth
   510 | D:5      | Reached XP level 5. HP: 50/50 MP: 5/5
   527 | Temple   | Entered the Ecumenical Temple
   720 | Temple   | Became a worshipper of Hepliaklqana the Forgotten
   790 | D:5      | Noticed an ogre
   798 | D:5      | Slain by an ogre

Illustrated notes

Levels and vault maps discovered:
D:5:      layout_loops_ring, minmay_temple_entry_statues_pillars,
          grunt_tough_drop
Temple:   compressed_dpeg_triangle_lava_temple

Skill      XL: |  1  2  3  4 |
---------------+-------------+-----
Dodging        | 2 |  2.4
Axes           | 3 |  3.7
Stealth        | 8 |  8.1
Fighting       | |  3.7

Action                   |  1- 3 |  4- 6 || total
-------------------------+-------+-------++-------
Melee: Hand axe          |     8 |    10 ||    18
 Abil: Spit Poison       |     7 |     4 ||    11
Armor: Plate armour      |     2 |     9 ||    11
Dodge: Dodged            |     2 |     2 ||     4

Table legend: (Time is in decaauts)
 A = Elapsed time spent in this place.
 B = Non-inter-level travel time spent in this place.
 C = Inter-level travel time spent in this place.
 D = Time resting spent in this place.
 E = Time spent auto-exploring this place.
 F = Levels seen in this place.
 G = Mean time per level.
                   A        B        C        D        E       F      G
               +--------+--------+--------+--------+--------+-----+--------+
         Total |    996 |    971 |     25 |    239 |    439 |   2 |  498.0 |
       Dungeon |    719 |    719 |      0 |    239 |    210 |   1 |  719.0 |
        Temple |    277 |    252 |     25 |      0 |    229 |   1 |  277.0 |
               +--------+--------+--------+--------+--------+-----+--------+

Top non-repeatable levels by time:
     D:5: 719 daAuts
  Temple: 277 daAuts
